Cogmind - Beta 15 @@@ ROGUE MODE // 2025.08.07 @ 21:27:08 Player: P9H Result: Destroyed by S-10 Pest with Light Assault Rifle Performance ------------- Evolutions (0) 0 Regions Visited (1) 200 Robots Destroyed (6) 30 Value Destroyed (149) 149 Prototype IDs (0) 0 Alien Tech Used (0) 0 Bonus (0) 0 TOTAL SCORE: 379 Bonus ------- None Cogmind --------- Core Integrity 0/250 Matter 238/300 Energy 250/250 System Corruption 1% Temperature Cool (20) Movement Treading (160) Location -10/Materials Parts ------- > --- POWER (1) -------- Ion Engine > --- PROPULSION (2) --- Light Treads Light Treads > --- UTILITY (2) ------ Medium Storage Unit Structural Scanner > --- WEAPON (2) ------- EM Pulse Gun Light Assault Rifle > --- INVENTORY (10) --- Ion Engine High-capacity Matter Pod (0) Signal Interpreter Power Shielding Beam Cannon Assault Rifle Assault Rifle Grenade Launcher Mining Claw Peak State ------------ > --- POWER ------------ Ion Engine > --- PROPULSION ------- Light Treads Light Treads > --- UTILITY ---------- Medium Storage Unit Medium Storage Unit > --- WEAPON ----------- Light Assault Rifle Light Assault Rifle > --- INVENTORY -------- Ion Engine High-capacity Matter Pod Structural Scanner Power Shielding EM Pulse Gun Beam Cannon Assault Rifle Assault Rifle Grenade Launcher Mining Claw [Rating: 8] Favorites ----------- Power Ion Engine Engine Ion Engine Propulsion Light Treads Treads Light Treads Wheel Wheel Utility Medium Storage Unit Device Terrain Scanner Storage Medium Storage Unit Weapon Light Assault Rifle Energy Gun EM Pulse Gun Ballistic Gun Light Assault Rifle Launcher Grenade Launcher Slashing Weapon Mining Claw Build | -11 -10 ------- Run | Yrd Mat Slots Evolved . | . . Power . | . . Propulsion . | . . Utility . | . . Weapon . | . . Parts Attached 15 | 6 9 Power 1 | 1 . Engine 1 | 1 . Core . | . . Reactor . | . . Propulsion 4 | 3 1 Treads 2 | 1 1 Leg . | . . Wheel 2 | 2 . Hover . | . . Flight . | . . Utility 5 | 1 4 Device 2 | . 2 Storage 3 | 1 2 Processor . | . . Hackware . | . . Protection . | . . Artifact . | . . Weapon 5 | 1 4 Energy Gun 1 | . 1 Energy Cannon . | . . Ballistic Gun 2 | 1 1 Ballistic Cannon . | . . Launcher 1 | . 1 Special Weapon . | . . Impact Weapon . | . . Slashing Weapon 1 | . 1 Piercing Weapon . | . . Special Melee Weapon . | . . Unidentified Prototypes . | . . Parts Lost 2 | . 2 Power . | . . Propulsion 1 | . 1 Utility 1 | . 1 Weapon . | . . Highest Loss Streak 1 | . 1 To Critical Strikes . | . . Average Backups 6 | 2 7 Power . | . 1 Propulsion . | 1 . Utility 1 | . 1 Weapon 4 | . 4 Tool/Special . | . . Unused Backups 7 | . 7 Power 1 | . 1 Propulsion . | . . Utility 3 | . 3 Weapon 3 | . 3 Tool/Special . | . . Average Slot Usage (%) 88 | . 88 Engine 14 | . 14 Treads 24 | . 24 Wheel 2 | . 2 Device 5 | . 5 Storage 14 | . 14 Energy Gun 9 | . 9 Ballistic Gun 16 | . 16 Peak Build Rating 8 | 5 8 Average Rating 5 | 3 6 On Entrance 2 | . 5 Naked Turns . | . . Heaviest Build 19 | 11 19 Greatest Support 40 | 20 40 Greatest Overweight (x) 1 | 1 1 Average Overweight (x) . | . . Largest Inventory Capacity 10 | 8 10 Average Capacity 9 | 6 9 Most Carried 10 | 5 10 Average Carried 6 | 2 7 Final Capacity 10 | 8 10 Final Carried 9 | 5 9 Class Distribution -------------------- 100% | Mutant Dominant Class ---------------- Mutant | -10/Materials Resources | -11 -10 ----------- Run | Yrd Mat Matter Collected 375 | 209 166 Remotely . | . . Salvage Created 168 | 22 146 Parts 9 | 2 7 Haulers Intercepted . | . . Recyclers Shooed . | . . Parts Field Recycled . | . . Retrieved Matter . | . . Parts Self-Destructed . | . . Prevented . | . . Kills | -11 -10 ------- Run | Yrd Mat Combat Hostiles Destroyed 3 | . 3 Guns 3 | . 3 Classes Destroyed 4 | 1 3 Worker 1 | . 1 Tunneler 1 | 1 . Operator 1 | . 1 Grunt 3 | . 3 Best Kill Streak 3 | 1 3 Combat Bots Only 2 | . 2 Max Kills in Single Turn 1 | 1 1 Gunslinging . | . . Exploded . | . . Melee . | . . Uniques/NPCs Destroyed . | . . Combat | -11 -10 -------- Run | Yrd Mat Hostile Shots Fired 35 | . 35 Missed 12 | . 12 Hits 23 | . 23 Projectile 23 | . 23 Critical Strikes 1 | . 1 Damage Taken 737 | . 737 Core 250 | . 250 Absorbed by Shields . | . . Core Remaining (%) 100 | 100 . Volleys Fired 24 | 2 22 Largest 2 | 1 2 Hottest 60 | 20 60 Shots Fired 42 | 2 40 Gun 39 | 2 37 Cannon . | . . Launcher 3 | . 3 Special . | . . Kinetic 37 | 2 35 Thermal . | . . Explosive 3 | . 3 Electromagnetic 2 | . 2 Robot Hit Streak 13 | 2 13 Robot Miss Streak 2 | . 2 Penetration Max . | . . Secondary Targets 1 | . 1 Max Gunslinging Chain 1 | . 1 Shots Hit Robots 31 | 2 29 Core Hits 14 | 2 12 Critical Kills . | . . Critical Parts Destroyed . | . . Critical Strikes . | . . Melee Attacks 3 | . 3 Impact . | . . Slashing 3 | . 3 Piercing . | . . Sneak Attacks . | . . Combat Hostiles . | . . Follow-up Attacks . | . . Damage Inflicted 342 | 16 326 Guns 252 | 16 236 Cannons . | . . Explosions 90 | . 90 Melee . | . . Ramming . | . . Kinetic 252 | 16 236 Thermal . | . . Explosive 90 | . 90 Electromagnetic . | . . Impact . | . . Slashing . | . . Piercing . | . . Highest Corruption 1 | . 1 Average Corruption 1 | . 1 Corruption Purged . | . . Corruption Blocked . | . . Effects 1 | . 1 Matter Fused 1 | . 1 Overload Shots . | . . Overflow Damage 15 | . 15 Projectiles . | . . Explosions 15 | . 15 Melee . | . . Knockbacks . | . . Impact . | . . Kinetic . | . . Secondary . | . . Self-Inflicted Damage 75 | . 75 Shots 2 | . 2 Rammed . | . . Targets Rammed . | . . Kicked . | . . Crushed . | . . Highest Temperature 36 | . 36 Average Temperature 14 | . 14 Received Heat Transfer 180 | . 180 Siege Activations . | . . Martial Activations . | . . Shielding Activations . | . . Robots Disrupted . | . . Combat Hostiles . | . . Robots Corrupted . | . . Combat Hostiles . | . . Parts Fried . | . . Impact Corruptions . | . . Robots Melted . | . . Combat Hostiles . | . . Parts Melted . | . . Heat Transferred . | . . Parts Sabotaged . | . . Parts Stolen . | . . Parts Stripped . | . . Power Chain Reactions . | . . Alert | -11 -10 ------- Run | Yrd Mat Maximum Alert Level . | . . Low Security (%) 100 | 100 100 Level 1 . | . . Level 2 . | . . Level 3 . | . . Level 4 . | . . Level 5 . | . . High Security . | . . Max Security . | . . Peak Influence 48 | 5 48 Initial 3 | . 3 Average 8 | . 9 Influence Increases 141 | 5 136 Destroy 0b10 Robot/C 60 | . 60 Destroy 0b10 Robot/NC 15 | 5 10 Destroy Leader 20 | . 20 Disable Machine 15 | . 15 Destroy Structure 31 | . 31 Influence Decreases 141 | . 141 Entered New Map 2 | . 2 Time Decay 119 | . 119 Lost Part 20 | . 20 Squads Dispatched 1 | . 1 Investigation . | . . Extermination . | . . Reinforcement 1 | . 1 Assault . | . . Garrison . | . . Intercept . | . . Searches Triggered . | . . Construction Impeded . | . . Haulers Reinforced . | . . Active Scanning Responses . | . . Cargo Convoy Interrupts . | . . Stealth | -11 -10 --------- Run | Yrd Mat Distress Signals . | . . Communications Jammed . | . . Distress Signals . | . . Times Spotted 7 | . 7 Peak Tracking Total 2 | . 2 Tactical Retreats . | . . Traps | -11 -10 ------- Run | Yrd Mat Traps Triggered . | . . Indirectly . | . . Trap Hack Attempts . | . . Triggered . | . . Disarmed . | . . Reprogrammed . | . . Reused . | . . Traps Extracted . | . . Installed . | . . Triggered . | . . Machines | -11 -10 ---------- Run | Yrd Mat Machines Disabled 1 | . 1 Max in Single Turn 1 | . 1 Machines Repaired . | . . Machines Dismantled . | . . Machines Sabotaged . | . . Overloaded Fab Kills . | . . Hacking | -11 -10 --------- Run | Yrd Mat Machines Accessed 1 | . 1 Terminals 1 | . 1 Fabricators . | . . Repair Stations . | . . Recycling Units . | . . Scanalyzers . | . . Garrison Access . | . . Total Hacks 1 | . 1 Successful . | . . Failed 1 | . 1 Catastrophic . | . . Database Lockouts . | . . Manual . | . . Terminals 1 | . 1 Fabricators . | . . Repair Stations . | . . Recycling Units . | . . Scanalyzers . | . . Garrison Access . | . . Terminal Hacks . | . . Fabricator Hacks . | . . Repair Station Hacks . | . . Recycling Unit Hacks . | . . Scanalyzer . | . . Garrison Access Hacks . | . . Unauthorized Hacks . | . . Terminals . | . . Fabricators . | . . Repair Stations . | . . Recycling Units . | . . Scanalyzers . | . . Garrison Access . | . . Data Cores Recovered . | . . Used . | . . Hacking Detections . | . . Full Trace Events . | . . Feedback Events . | . . Feedback Blocked . | . . Robot Schematics Acquired . | . . Robots Built . | . . Authchips . | . . Time . | . . Total Robot Build Rating . | . . Part Schematics Acquired . | . . Parts Built . | . . Authchips . | . . Time . | . . Total Part Build Rating . | . . Parts Repaired . | . . Time . | . . Parts Recycled . | . . Recycled Matter . | . . Retrieved Matter . | . . Retrieved Components . | . . Parts Scanalyzed . | . . Part Schematics Acquired . | . . Parts Damaged . | . . Bothacking | -11 -10 ------------ Run | Yrd Mat Used RIF Installer . | . . Robots Hacked . | . . Non-combat . | . . Combat . | . . Robot Hacks Applied . | . . Relay Couplers Released . | . . Fabnet Peak Effective % . | . . Robots Rewired . | . . Allies Hacked . | . . Hacks Repelled . | . . Allies | -11 -10 -------- Run | Yrd Mat Total Allies . | . . Largest Group . | . . Highest-Rated Group . | . . Highest-Rated Ally . | . . Total Orders . | . . Ally Attacks . | . . Total Damage . | . . Kills . | . . Allies Corrupted . | . . Allies Melted . | . . Intel | -11 -10 ------- Run | Yrd Mat Active Infowar (turns) 198 | . 198 Terrain 156 | . 156 Structural 42 | . 42 Robot Analysis Total . | . . Derelict Logs Recovered . | . . Drone Launches . | . . Drone Recoveries . | . . Exploration | -11 -10 ------------- Run | Yrd Mat Turns Passed 527 | 53 474 Spaces Moved 288 | 48 240 Core 19 | 19 . Treads 205 | . 205 Legs . | . . Wheels 64 | 29 35 Hover . | . . Flight . | . . Fastest Speed 50 | 50 80 Average Speed 135 | 69 149 Slowest Speed 160 | 95 160 Overloaded Moves . | . . Propulsion Burnouts . | . . Robots Hopped . | . . Potential Cave-ins . | . . Cave-ins Triggered 1 | . 1 Exploration Rate (%) 23 | 3 43 Regions Visited 1 Branch Regions . Pre-discovered Areas . | . . Known Exits Taken . | . . Unknown Exits Taken 1 | 1 . Scrap Searched . | . . Spaces Dug 3 | . 3 Terrain Destroyed 27 | . 27 Melee 3 | . 3 Projectile . | . . AOE 24 | . 24 Terrain Rammed . | . . Walls Destroyed . | . . Machines Disabled . | . . Actions | -11 -10 --------- Run | Yrd Mat Total 384 | 65 319 Wait 27 | . 27 Move 287 | 47 240 Hop . | . . Pick Up 21 | 10 11 Fast Attach 1 | . 1 Attach 13 | 5 8 Detach 1 | . 1 Swap 3 | 1 2 Drop 4 | . 4 Fire 24 | 2 22 Melee 3 | . 3 Ram . | . . Kick . | . . Crush . | . . Escape Stasis . | . . Rewire . | . . Trap . | . . Miscellaneous . | . . Route ------- -11/Scrapyard -10/Materials (discovered 1 exit: [*Mat]) History --------- Turn | Location | Event 36 | -11/Scrapyard | Discovered new exit (range 15) 54 | -11/Scrapyard | Entered Materials 165 | -10/Materials | Discovered new exit (range 15) 315 | -10/Materials | Build established: Mutant 374 | -10/Materials | Crushed by falling debris 374 | -10/Materials | Core integrity fell below 50% 374 | -10/Materials | Core integrity fell below 20% 528 | -10/Materials | Destroyed by S-10 Pest with Light Assault Rifle Last Messages --------------- 00400_ Acquired 20 matter. 00409_ K-01 Serf collects debris. 00416_ Acquired Structural Scanner. 00423_ K-01 Serf collects debris. 00426_ Acquired Beam Cannon. 00432_ Acquired Med. Storage Unit. 00434_ Dropped Med. Storage Unit. 00434_ Dropped Lgt. Assault Rifle. 00451_ K-01 Serf cleans the Electrolysis Chamber. 00452_ R-06 Scavenger collects Med. Storage Unit. 00455_ R-06 Scavenger collects Lgt. Assault Rifle. 00457_ Acquired 20 matter. 00460_ K-01 Serf cleans the Electrolysis Chamber. 00482_ K-01 Serf cleans the Atomic Centrifuge. 00485_ Acquired Signal Interpreter. 00486_ K-01 Serf cleans the Atomic Centrifuge. Map ----- +----------------------------------------------------+ | ??????????????????????????????????????????#! | | ??????????????????????????????????????????# | | ????????????????????????????????????#?????# | | ??????????????????????????????????????????# | | ??????????????????????????????????????????######## | | ?????????????????????????????????????????????##### | | ?????????????????????????????????????????????# | | ?????????????????????????????????????????????# | | ???????????????????????????????????#????????## | | ??????????????????????????????????????#??????# # | | ?????????????????????????????????????????????# # | | ?????????????????????????????????????????????# # | | ?????????????????????????????????????????????# + | | ??????? ?????????????????????????????????#?# # | | ????? ?????????????????????????#????????# # | | ???? ???????????????????????????????#?# # | | ????" ????????????????#####??????????### # | | ????" # ##?????????#####???????????## # | | ???"" ##+####????????? ???????????## | | ???? ????????? ??#??#?????## | | ???? ??????????? ???????????### # | | ????? ????????? s ????????#???## # | | ?????? ##????#????"""""??????######## # | | ??????## "" ##########s""""" ? ##?# # # | | ?????? # "T ##########s""""" + # # # | | ?????? + "" k @ ##?# # # | | ?????? # #####################?# + # | | ?????? # ###################???# # # | | ?????? #######/######???#######???????# # / | | ?????? #### ###### ################ # | | ?????????## """ ###### ########+# | | ?????????## """ / # # | | ?????????## """ ###### ^ # # | | ?????????## ###### ####### + # | | ?????????## " " ##?#####+######??# # # | | ?????????## "R" ##?# """ """ #???# ########## | | ?????????## """ ##?# """ """ #??## ##?##????? | | ?????????## ##?# """ """ #??# ########? | | ?????????############?# #??# #? | | ?????????############?# #??# " #? | | ??????????????????????# #??# #? | | ??????????????????????# ! #??# ###+####? | | ??????????????????????# #??####### ??? | | ??????????????????????###########????????# ? | | ?????????????????????????????????????????# | | ?????????????????????????????????????????# | | ?????????????????????????????????????????# | | ?????????????????????????????????????????# | | ?????????????????????????????????????????# | | ?????????????????????????????????????????# | +----------------------------------------------------+ Best States ------------- Heat Dissipation 25 Energy Generation 10 Energy Capacity 250 Matter Stores 249 Matter Capacity 300 Sight Range 16 Terrain Scan Range 14 Terrain Scan Density 10 Evasion (%) 44 Recoil Reduction 2 Item Schematics ----------------- None Robot Schematics ------------------ None Fabricated ------------ Nothing Repaired ---------- Nothing Alien Tech Used ----------------- None Achievements -------------- None Challenges ------------ None Game ------ Seed HybridHypervelocityBiocell Manual? 0 Play Time 00:04:24 Cumulative 68.7 hours Start 2025.08.07 @ 21:23:07 End 2025.08.07 @ 21:27:08 Sessions 1 Manual Loads 0 Difficulty Rogue Special Mode None Game No. 128 Rogue 128 Adventurer 0 Explorer 0 Win Type - Total 0 Types 0/0/0/0/0/0/0/0/0/0 Lore% 14 Gallery% 38 Achievement% 31 Wizard Run 0 Options --------- Layout 1 ASCII 0 Keyboard 0 Movement Arrows Keybinds 0 Fullscreen 2 Font 32/SmallcapsGlow Map View 50x35 Zoom Use 0% Tactical HUD 1 Map Filters NONE Filters NONE Steam 1 RUN: 0ce38f95-a397-465d-8731-d6fd3f4f7c79